 Dungeon Crawl Stone Soup version 0.31-a0-1447-g87ca8d402b (webtiles) character file.

Game seed: 7259922735651051035

480 night the Trooper (level 7, -1/72 HPs)
             Began as an Oni Hunter on Dec 27, 2023.
             Slain by an ogre
             ... wielding a +0 giant club
              (3 damage)
             ... on level 5 of the Dungeon.
             The game lasted 00:12:01 (4799 turns).

night the Trooper (Oni Hunter)                      Turns: 4799, Time: 00:12:01

Health: -1/72      AC:  3    Str: 22    XL:     7   Next: 11%
Magic:  5/11       EV: 10    Int: 12    God:
Gold:   176        SH:  0    Dex: 12    Spells: 6/11 levels left

rFire   . . .        a - +0 shortbow
rCold   . . .        (shield currently unavailable)
rNeg    . . .        c - +0 robe
rPois   .            (helmet restricted)
rElec   .            (no cloak)
rCorr   +            (gloves unavailable)
SInv    .            (boots unavailable)
Will    .....        (no amulet)
Stlth   +            j - ring of resist corrosion
HPRegen 0.32/turn    B - +6 ring of strength
MPRegen 0.12/turn

%: no passive effects
@: very slightly contaminated
A: large, unfitting armour, horns 1, tough skin 1, double potion healing,
drunken brawling
a: no special abilities


You were on level 5 of the Dungeon.
You visited 1 branch of the dungeon, and saw 5 of its levels.
You also visited: Sewer.

You collected 280 gold pieces.
You spent 104 gold pieces at shops.

Inventory:

Hand Weapons
 a - a +0 shortbow (weapon)
 q - the +8 whip of Indomitability {protect, rC++ rCorr Str+3 Int-4}
   (You found it on level 2 of the Dungeon)

   Str+3:     It affects your strength (+3).
   Int-4:     It affects your intelligence (-4).
   rC++:      It greatly protects you from cold.
   rCorr:     It protects you from acid and corrosion.
Missiles
 i - 29 stones
 u - 9 poisoned darts
 w - a curare-tipped dart
Armour
 c - a +0 robe (worn)
Jewellery
 h - an amulet of faith
 j - a ring of resist corrosion (left hand)
 B - a +6 ring of strength (right hand)
Wands
 f - a wand of digging (3)
 r - a wand of polymorph (8)
Scrolls
 m - 3 scrolls of identify
 n - a scroll of immolation {unknown}
 p - 2 scrolls of poison {unknown}
 s - a scroll of teleportation {unknown}
 t - a scroll of vulnerability {unknown}
 y - 2 scrolls of enchant weapon {unknown}
 z - a scroll of blinking {unknown}
Potions
 d - a potion of berserk rage
 e - 3 potions of attraction {unknown}
 g - a potion of mutation {unknown}
 k - 4 potions of heal wounds
 l - 4 potions of curing
 o - a potion of resistance {unknown}
 v - a potion of haste {unknown}
 x - 2 potions of invisibility {unknown}
 A - a potion of ambrosia {unknown}
 C - a potion of might {unknown}


   Skills:
 + Level 5.5 Fighting
 + Level 4.0 Ranged Weapons
 - Level 1.8 Dodging
 - Level 0.7 Stealth
 + Level 2.6 Spellcasting
 + Level 0.9 Conjurations
 + Level 1.0 Air Magic
 + Level 3.0 Alchemy


You had 6 spell levels left.
You knew the following spells:

 Your Spells              Type           Power      Damage    Failure   Level
a - Mephitic Cloud        Conj/Alch/Air  5%         N/A       36%         3
b - Mercury Vapours       Alch/Air       12%        N/A       17%         2

Your spell library contained the following spells:

 Spells                   Type           Power      Damage    Failure   Level
 Kiss of Death            Conj/Necr      8%         2d6       22%         1
 Ensorcelled Hibernation  Hex/Ice        2%         N/A       36%         2
 Hailstorm                Conj/Ice       2%         3d5       54%         3
 Confusing Touch          Hex            1%         N/A       58%         3
 Fugue of the Fallen      Necr           1%         N/A       58%         3
 Summon Ice Beast         Ice/Summ       1%         N/A       58%         3
 Anguish                  Hex/Necr       0%         N/A       94%         4
 Dispel Undead            Necr           1%         3d6       94%         4
 Freezing Cloud           Conj/Ice/Air   1%         6-21      99%         5
 Summon Mana Viper        Hex/Summ       1%         N/A       100%        5
 Sculpt Simulacrum        Ice/Alch       2%         N/A       100%        6
 Monstrous Menagerie      Summ           0%         N/A       100%        7


Dungeon Overview and Level Annotations

Branches:
Dungeon (5/15)              Sewer (visited)
 Temple: D:4-7

Altars:
Qazlal

Shops:
D:2 !

Annotations:
D:4 Duvessa


Innate Abilities, Weirdness & Mutations

You are too large for most types of armour.
You have a pair of small horns on your head.
You have tough skin. (AC +1)
You gain doubled healing and magic from potions.
Whenever you drink a healing potion, you attack all around you.


Message History

The ogre hits you with a +0 giant club!!
* * * LOW HITPOINT WARNING * * *
You shoot an arrow. The arrow hits the ogre.
The ogre is almost dead.
The ogre looks more healthy.
The ogre closely misses you.
You shoot an arrow.
The arrow hits the ogre but does no damage.
The ogre is almost dead.
The ogre hits you with a +0 giant club!
* * * LOW HITPOINT WARNING * * *
Casting: Mercury Vapours (safe; 17% risk of failure)
Confirm with . or Enter, or press ? or * to list all spells.
Aiming: Mephitic Cloud (dangerous; 36% risk of failure)
Press: ? - help, Shift-Dir - straight line, f/p - ogre
Aim: an ogre, wielding a +0 giant club (almost dead, chance to affect: 77%)
Okay, then.
Casting: Mephitic Cloud (dangerous; 36% risk of failure)
Confirm with . or Enter, or press ? or * to list all spells.
Aiming: Mercury Vapours (safe; 17% risk of failure)
Press: ? - help, Dir - move target, f/p - ogre
Aim: an ogre, wielding a +0 giant club (almost dead, chance to weaken: 61%)
You miscast Mercury Vapours.
You are very lightly contaminated with residual magic.
Nothing appears to happen.
Casting: Mercury Vapours (safe; 17% risk of failure)
Confirm with . or Enter, or press ? or * to list all spells.
Aiming: Mercury Vapours (safe; 17% risk of failure)
Press: ? - help, Dir - move target, f/p - ogre
Aim: an ogre, wielding a +0 giant club (almost dead, chance to weaken: 61%)
You miscast Mercury Vapours.
Nothing appears to happen.
The ogre barely misses you.
Casting: Mercury Vapours (safe; 17% risk of failure)
Confirm with . or Enter, or press ? or * to list all spells.
Aiming: Mercury Vapours (safe; 17% risk of failure)
Press: ? - help, Dir - move target, f/p - ogre
Aim: an ogre, wielding a +0 giant club (almost dead, chance to weaken: 61%) Fumes of mercury billow around the ogre!
The ogre is poisoned.
The ogre looks weaker.
The orc priest looks weaker.
The orc looks weaker.
The ogre hits you with a +0 giant club.
You die...

#o# #.# #o#
#.# #.# #.#
#######o###
#..<...oO@#
#.#####.###
#. ### #.
#. #. #. #.


You could see an ogre (very poisoned, weak), an orc priest (weak) and an orc
(weak).

Vanquished Creatures
  2 lemures (D:3)
  2 kobold brigands (Sewer)
  A scorpion (D:3)
  Dowan (D:4)
  A jelly (D:4)
  10 adders
  8 worms
  2 dart slugs (D:3)
  2 orcs (D:4)
  6 endoplasms
  6 giant cockroaches
  7 goblins
  11 hobgoblins
  12 ball pythons
  8 bats
  4 frilled lizards
  7 kobolds
  7 rats
97 creatures vanquished.

Notes
Turn   | Place    | Note
-------+----------+-------------------------------------------
     0 | D:1      | night the Oni Hunter began the quest for the Orb.
     0 | D:1      | Reached XP level 1. HP: 22/22 MP: 1/1
   102 | D:1      | Reached skill level 3 in Fighting
   119 | D:1      | Reached XP level 2. HP: 31/31 MP: 2/2
   478 | D:1      | Reached skill level 1 in Alchemy
   489 | D:1      | Reached XP level 3. HP: 37/37 MP: 3/3
   507 | D:1      | Learned a level 2 spell: Mercury Vapours
   801 | D:2      | Found Gemnagub's Distillery.
   809 | D:2      | Bought a potion of heal wounds for 65 gold pieces
   809 | D:2      | Bought a potion of curing for 39 gold pieces
  1292 | D:2      | Reached skill level 4 in Fighting
  1292 | D:2      | Reached XP level 4. HP: 39/48 MP: 4/4
  1494 | D:2      | Identified the +8 whip of Indomitability {protect, rC++
                  | rCorr Str+3 Int-4}
  2104 | D:3      | Found a glowing drain.
  2108 | Sewer    | Entered a sewer
  2119 | Sewer    | Reached XP level 5. HP: 51/55 MP: 0/5
  2219 | Sewer    | Reached skill level 2 in Alchemy
  2223 | Sewer    | Learned a level 3 spell: Mephitic Cloud
  2268 | Sewer    | Reached skill level 1 in Spellcasting
  2494 | Sewer    | Noticed a kobold brigand
  2506 | Sewer    | Killed a kobold brigand
  2507 | Sewer    | Reached XP level 6. HP: 44/65 MP: 4/8
  2670 | Sewer    | Reached skill level 5 in Fighting
  2670 | Sewer    | Reached skill level 2 in Spellcasting
  3522 | D:4      | Noticed Pikel
  3702 | D:3      | Pikel changed into Pikel the scorpion
  3702 | D:3      | Noticed Pikel
  3708 | D:3      | Killed Pikel the scorpion
  3940 | D:4      | Found a stormy altar of Qazlal.
  4209 | D:4      | Noticed Dowan
  4210 | D:4      | Noticed Duvessa
  4236 | D:4      | Killed Dowan
  4237 | D:4      | Reached XP level 7. HP: 58/72 MP: 4/11
  4258 | D:4      | Reached skill level 1 in Air Magic
  4302 | D:4      | HP: 3/72 [Duvessa/+0 short sword (11)]
  4558 | D:4      | HP: 6/72 [Duvessa/+0 short sword (8)]
  4558 | D:4      | HP: 2/72 [Duvessa/+0 short sword (4)]
  4574 | D:5      | Entered Level 5 of the Dungeon
  4796 | D:5      | HP: 1/72 [ogre/+0 giant club (14)]
  4799 | D:5      | Slain by an ogre

Illustrated notes

Levels and vault maps discovered:
D:1:      minmay_arrival_open_corners, layout_loops_ring, minmay_fountain_box
D:2:      layout_loops_ring, serial_shops, shop
D:3:      layout_basic, mainiacjoe_sewer_entry_somewhere_in_here_2,
          nrook_mini_backslash, kennysheep_nub, nicolae_eternal_life
D:4:      layout_cave_pools, nicolae_qazlal_scattered_showers, minivault_25,
          uniq_duvessa, uniq_pikel
D:5:      minmay_chambers_of_fours, layout_basic, nicolae_dithmenos_the_darkroom

Skill      XL: |  1  2  3  4  5  6  7 |
---------------+----------------------+-----
Ranged Weapons | 3 4 |  4.0
Fighting       | 3 4 5 |  5.5
Alchemy        | 1 2 3 |  3.0
Spellcasting   | 1 2 |  2.6
Air Magic      | 1 |  1.0
Dodging        | |  1.8
Stealth        | |  0.7
Conjurations   | |  0.9

Action                     |  1- 3 |  4- 6 |  7- 9 || total
---------------------------+-------+-------+-------++-------
   Fire: Shortbow          |   129 |   280 |    25 ||   434
   Cast: Mercury Vapours   |       |    25 |     5 ||    30
         Mephitic Cloud    |       |       |     2 ||     2
  Evoke: Wand              |       |     1 |       ||     1
    Use: Scroll            |     2 |       |     1 ||     3
 Armour: Robe              |    37 |    98 |    24 ||   159
  Dodge: Dodged            |    33 |    90 |    11 ||   134

Table legend: (Time is in decaauts)
 A = Elapsed time spent in this place.
 B = Non-inter-level travel time spent in this place.
 C = Inter-level travel time spent in this place.
 D = Time resting spent in this place.
 E = Time spent auto-exploring this place.
 F = Levels seen in this place.
 G = Mean time per level.
                   A        B        C        D        E       F      G
               +--------+--------+--------+--------+--------+-----+--------+
         Total |   4893 |   4806 |     87 |    849 |   3036 |   6 |  815.5 |
       Dungeon |   4134 |   4047 |     87 |    730 |   2641 |   5 |  826.8 |
         Sewer |    759 |    759 |      0 |    119 |    395 |   1 |  759.0 |
               +--------+--------+--------+--------+--------+-----+--------+

Top non-repeatable levels by time:
     D:3: 1426 daAuts
     D:2: 914 daAuts
     D:1: 812 daAuts
   Sewer: 759 daAuts
     D:4: 754 daAuts
     D:5: 226 daAuts
